 Dungeon Crawl Stone Soup version 0.32-a0-799-g95e1662365 (webtiles) character file.

Game seed: 17777188205034709117

1725 adelrune the Chopper (level 8, -8/45 (62) HPs)
             Began as a Demonspawn Gladiator on Mar 21, 2024.
             Was a Priest of Lugonu.
             Killed by divine providence
             ... invoked by Jeremiah
              (13 damage)
             ... on level 7 of the Dungeon.
             The game lasted 00:19:20 (6411 turns).

adelrune the Chopper (Demonspawn Gladiator)         Turns: 6411, Time: 00:19:20

HP:   -8/45 (62)    AC: 13    Str: 17    XL:     8   Next: 75%
MP:   0/12          EV: 10    Int: 15    God:    Lugonu [***...]
Gold: 314           SH:  5    Dex: 15    Spells: 7/7 levels left

rFire   . . .        a - +0 war axe
rCold   + . .        (no shield)
rNeg    . . .        G - +5 ring mail of the Hall of Blades {rC+ Int+7}
rPois   +            c - +0 helmet
rElec   .            C - +0 cloak
rCorr   .            (no gloves)
SInv    .            (boots unavailable)
Will    .....        u - amulet of reflection
Stlth   +            F - ring of poison resistance
HPRegen 0.27/turn    (no ring)
MPRegen 0.26/turn

%: reflection, guardian spirit
@: very heavily drained
A: hooves 3, magic shield, magic regeneration
a: Renounce Religion, Depart the Abyss, Banish


You were on level 7 of the Dungeon.
You worshipped Lugonu.
Lugonu was most pleased with you.
You visited 1 branch of the dungeon, and saw 7 of its levels.

You collected 440 gold pieces.
You spent 126 gold pieces at shops.

Inventory:

Hand Weapons
 a - a +0 war axe (weapon)
Missiles
 d - 3 throwing nets
 e - a javelin
 j - 8 boomerangs (quivered)
Armour
 c - a +0 helmet (worn)
 C - a +0 cloak (worn)
 G - the +5 ring mail of the Hall of Blades (worn) {rC+ Int+7}
   (You found it on level 6 of the Dungeon)

   Int+7:     It affects your intelligence (+7).
   rC+:       It protects you from cold.
Jewellery
 u - an amulet of reflection (around neck)
 y - an amulet of the acrobat
 F - a ring of poison resistance (left hand)
Wands
 b - a wand of flame (15)
 h - a wand of charming (4)
Scrolls
 f - 2 scrolls of enchant weapon {unknown}
 g - a scroll of blinking {unknown}
 k - a scroll of identify
 l - 2 scrolls of torment
 p - 3 scrolls of teleportation
 t - a scroll of poison {unknown}
 v - a scroll of fog {unknown}
 B - 4 scrolls of fear {unknown}
 E - a scroll of silence {unknown}
Potions
 i - 2 potions of ambrosia {unknown}
 n - a potion of might {unknown}
 o - 3 potions of haste
 q - 2 potions of heal wounds
 r - 3 potions of lignification
 s - 4 potions of curing
 w - a potion of attraction {unknown}
 x - 2 potions of berserk rage {unknown}
 z - 2 potions of invisibility {unknown}
 A - a potion of magic {unknown}
 D - a potion of enlightenment {unknown}


   Skills:
 + Level 5.0 Fighting
 * Level 6.7 Axes
 - Level 1.9 Throwing
 + Level 4.0 Armour
 - Level 2.6 Dodging
 + Level 5.8 Invocations
 + Level 3.7 Evocations


You had 7 spell levels left.
You didn't know any spells.
Your spell library contained the following spells:

 Spells                   Type           Power      Damage    Failure   Level
 Call Canine Familiar     Summ           0%         N/A       80%         3
 Sigil of Binding         Hex            0%         N/A       80%         3
 Dimensional Bullseye     Hex/Tloc       0%         N/A       99%         4


Dungeon Overview and Level Annotations

Branches:
Dungeon (7/15)             Temple (0/1) D:5

Altars:
Ashenzari
Kikubaaqudgha
Makhleb
Nemelex Xobeh
Okawaru
Trog
Xom
Lugonu

Shops:
D:1 !

Annotations:
D:7 Jeremiah


Innate Abilities, Weirdness & Mutations

You have hooves in place of feet.
When hurt, damage is shared between your health and your magic reserves.
You regenerate magic rapidly.


Message History

You kill the butterfly!
The butterfly disappears in a burst of colours!
You hit the butterfly.
You kill the butterfly!
The butterfly disappears in a burst of colours!
Jeremiah shouts, "O dreadful one, destroy my foe!"
Something smites you!
* * * LOW HITPOINT WARNING * * *
Jeremiah opens the door.
Jeremiah hops!
There is a large open door here.
You miss the butterfly. Your kick misses the butterfly.
You barely miss Jeremiah.
The butterfly disappears in a burst of colours!
Your butterfly disappears in a burst of colours!
Jeremiah hits you but does no damage.
You feel drained.
You barely miss Jeremiah.
Jeremiah is almost dead.
You hit the butterfly.
You kill the butterfly!
The butterfly disappears in a burst of colours!
You miss the butterfly. You barely miss the butterfly. You hit the butterfly.
You kill the butterfly!
The butterfly disappears in a burst of colours! x2
Jeremiah hits you but does no damage.
You feel drained.
You hit Jeremiah but do no damage.
Jeremiah is almost dead.
You slash the butterfly!
You kill the butterfly!
The butterfly disappears in a burst of colours!
You miss the butterfly. You hit the butterfly.
You kill the butterfly!
The butterfly disappears in a burst of colours!
You completely miss the butterfly. You hit the butterfly.
You kill the butterfly!
The butterfly disappears in a burst of colours! x2
Jeremiah throws their arms up pleadingly.
Something smites you!
You die...
Jeremiah says, "O terrible one, your will is done."

#.# #.# # #.# #
#.#.#.# #.#.#.# .....
##+## #####.####
##...##
#bb......###.....##
#F@#####.##.......#
##bb## #.#.........
#...)# #.'.........
bbb.b.'รท!#.#.........
###.b.b####.##...<...#
####### #.###.....##
#.# ### ##...##
######.# ##'##
#......# #####.#


You could see Jeremiah.

Vanquished Creatures
  Maggie (D:7)
  Sigmund (D:4)
  Edmund (D:4)
  An ice beast (D:7)
  A sky beast (D:6)
  A centaur (D:7)
  A kobold brigand (D:7)
  2 scorpions
  2 howler monkeys (D:7)
  3 bombardier beetles
  5 hounds
  2 orc priests
  A jelly (D:6)
  An iguana (D:4)
  Robin (D:2)
  5 adders
  7 gnolls
  2 shadow imps
  A white imp (D:7)
  2 ufetubi (D:5)
  2 ribbon worms (D:3)
  15 orcs
  5 endoplasms
  4 giant cockroaches
  13 goblins
  5 hobgoblins
  7 jackals (D:1)
  3 quokkas
  2 ball pythons
  4 bats
  2 frilled lizards
  9 kobolds
  2 rats
114 creatures vanquished.

Notes
Turn   | Place    | Note
-------+----------+-------------------------------------------
     0 | D:1      | adelrune the Demonspawn Gladiator began the quest for the
                  | Orb.
     0 | D:1      | Reached XP level 1. HP: 16/16 MP: 1/1
   383 | D:1      | Found a faded altar of an unknown god.
   386 | D:1      | Prayed at the altar of an unknown god.
   386 | D:1      | Became a worshipper of Lugonu the Unformed
   386 | D:1      | Reached * piety under Lugonu
   402 | D:1      | Gained mutation: You have large cloven feet. [demonic
                  | ancestry]
   402 | D:1      | Reached XP level 2. HP: 22/22 MP: 2/2
   408 | D:1      | Reached skill level 3 in Axes
   866 | D:1      | Found Weblus's Distillery.
  1201 | D:2      | Gained mutation: You regenerate magic rapidly. [demonic
                  | ancestry]
  1201 | D:2      | Reached XP level 3. HP: 16/28 MP: 3/3
  1210 | D:2      | HP: 1/28 [poisoned by a kobold]
  1361 | D:2      | Reached skill level 1 in Armour
  1361 | D:2      | Reached skill level 1 in Invocations
  1989 | D:3      | Gained mutation: When hurt, damage is shared between your
                  | health and your magic reserves. [demonic ancestry]
  1989 | D:3      | Reached XP level 4. HP: 5/34 MP: 5/5
  2148 | D:3      | Reached ** piety under Lugonu
  2325 | D:3      | Noticed Robin
  2533 | D:2      | Killed Robin
  2538 | D:3      | Reached XP level 5. HP: 34/40 MP: 6/6
  2600 | D:3      | Reached skill level 4 in Axes
  3273 | D:4      | Reached skill level 1 in Evocations
  3273 | D:4      | Gained mutation: You have hoof-like feet. [demonic
                  | ancestry]
  3273 | D:4      | Reached XP level 6. HP: 18/47 MP: 5/8
  3483 | D:4      | Found a burning altar of Makhleb.
  3654 | D:4      | Noticed Edmund
  3661 | D:4      | Killed Edmund
  3718 | D:4      | Noticed Sigmund
  3733 | D:4      | Killed Sigmund
  3734 | D:4      | Reached skill level 5 in Axes
  3734 | D:4      | Gained mutation: You have hooves in place of feet. [demonic
                  | ancestry]
  3734 | D:4      | Reached XP level 7. HP: 50/53 MP: 9/9
  3844 | D:5      | Entered Level 5 of the Dungeon
  3847 | D:5      | Found a staircase to the Ecumenical Temple.
  3927 | D:5      | Reached *** piety under Lugonu
  4492 | D:5      | Found an iron altar of Okawaru.
  4495 | D:5      | Found a bloodstained altar of Trog.
  4515 | D:5      | Found a broken altar of Ashenzari.
  4527 | D:5      | Found a sparkling altar of Nemelex Xobeh.
  4899 | D:1      | Bought a potion of heal wounds for 70 gold pieces
  4899 | D:1      | Bought a potion of degeneration for 14 gold pieces
  4899 | D:1      | Bought a potion of lignification for 42 gold pieces
  5115 | D:6      | Identified the +5 ring mail of the Hall of Blades {rC+
                  | Int+7}
  5167 | D:6      | Found a shimmering altar of Xom.
  5179 | D:6      | Found a shimmering altar of Xom.
  5400 | D:6      | Reached XP level 8. HP: 54/60 MP: 11/11
  5608 | D:6      | Upgraded the game from 0.32-a0-791-gfc315c9ecd to
                  | 0.32-a0-799-g95e1662365
  5665 | D:7      | Found an ancient bone altar of Kikubaaqudgha.
  5674 | D:7      | Reached skill level 5 in Invocations
  5721 | D:7      | Reached skill level 6 in Axes
  5725 | D:7      | Noticed Maggie
  5742 | D:7      | Killed Maggie
  6334 | D:7      | Noticed Jeremiah
  6373 | D:7      | Reached skill level 5 in Fighting
  6411 | D:7      | Killed from afar by Jeremiah

Illustrated notes

Levels and vault maps discovered:
D:1:      ncdulo_watergridlock, layout_basic, serial_shops,
          nicolae_shop_just_a_little_nook,
          hellmonk_ecumenical_altar_inner_sanctum
D:2:      layout_basic, hangedman_glass_teeth
D:3:      layout_loops_ring, minmay_misc_feat_hallway, uniq_robin
D:4:      layout_rooms, mainiacjoe_overflow_alcove_2, sigmund_edmund_badplayer
D:5:      layout_loops_ring, grunt_temple_overflow_cloverleaf,
          nicolae_overflow_crystal_walls, minmay_temple_entry_junction
D:6:      layout_basic, xom_redecorated
D:7:      layout_loops_corners, lemuel_tele_altar, blue_anna_alchemist,
          nicolae_shop_clearance, uniq_maggie, uniq_jeremiah

Skill      XL: |  1  2  3  4  5  6  7  8 |
---------------+-------------------------+-----
Axes           | 3 4 5 6 |  6.7
Armour         | 1 2 3 4 |  4.0
Invocations    | 1 2 3 4 5 |  5.8
Fighting       | 3 4 5 |  5.0
Evocations     | 1 2 3 |  3.7
Throwing       | |  1.9
Dodging        | |  2.6

Action                     |  1- 3 |  4- 6 |  7- 9 || total
---------------------------+-------+-------+-------++-------
  Melee: War axe           |    66 |   134 |   165 ||   365
         Whip              |     8 |       |       ||     8
         Kick              |    14 |    10 |    49 ||    73
  Throw: Boomerang         |       |     6 |     9 ||    15
  Evoke: Wand              |       |     4 |     4 ||     8
    Use: Scroll            |       |     3 |     1 ||     4
 Armour: Chain mail        |    67 |   123 |    50 ||   240
         Leather armour    |     3 |       |       ||     3
         Ring mail         |       |       |    69 ||    69
  Dodge: Dodged            |    34 |    53 |    72 ||   159
  Block: Other             |       |       |    25 ||    25

Table legend: (Time is in decaauts)
 A = Elapsed time spent in this place.
 B = Non-inter-level travel time spent in this place.
 C = Inter-level travel time spent in this place.
 D = Time resting spent in this place.
 E = Time spent auto-exploring this place.
 F = Levels seen in this place.
 G = Mean time per level.
                   A        B        C        D        E       F      G
               +--------+--------+--------+--------+--------+-----+--------+
         Total |   6521 |   6197 |    324 |    974 |   4085 |   7 |  931.6 |
       Dungeon |   6521 |   6197 |    324 |    974 |   4085 |   7 |  931.6 |
               +--------+--------+--------+--------+--------+-----+--------+

Top non-repeatable levels by time:
     D:2: 1255 daAuts
     D:4: 1094 daAuts
     D:1: 1020 daAuts
     D:5: 981 daAuts
     D:3: 844 daAuts
     D:7: 803 daAuts
     D:6: 521 daAuts
